Map: Frozen Temple

Players

WarStore

  • Race: Terran Terran
  • League: Bronze

LMLelas - Winner!

  • Race: Zerg Zerg
  • League: Silver

VOD

Have the link to the VOD?

Description

Time

  • Played on: May 10, 2016, 5:55 p.m.
  • Length: 18:05
Show
View Real Time Build Order
Export as new Build Order

WarStore Terran 

Build Orders:  

Get SALT Encoding   

  12  0:18  Supply Depot  
  12  0:19  SCV  
  13  0:22  Refinery  
  13  0:33  SCV  
  14  0:44  Barracks  
  14  0:46  SCV  
  15  0:58  SCV  
  16  1:09  Refinery  
  16  1:22  SCV  
  17  1:32  Supply Depot  
  17  1:35  Orbital Command  
  17  1:43  Marine  
  18  1:52  Barracks  
  18  2:01  Marine  
  19  2:14  Factory  
  19  2:19  Marine  
  20  2:50  Marine  
  21  2:59  Widow Mine  
  21  3:03  Starport  
  23  3:06  SCV  
  23  3:07  Supply Depot  
  23  3:09  Marine  
  23  3:11  Marine  
  26  3:18  SCV  
  27  3:31  Barracks Tech Lab  
  27  3:33  Widow Mine  
  29  3:38  Supply Depot, SCV  
  29  3:40  Medivac  
  32  3:47  Barracks  
  32  3:54  SCV  
  33  4:00  Marine  
  33  4:01  Supply Depot, Marine  
  35  4:09  Combat Shields  
  35  4:20  Factory Tech Lab  
  35  4:22  Starport Reactor  
  36  4:24  SCV  
  36  4:29  Supply Depot  
  36  4:36  SCV  
  37  4:40  Barracks Reactor  
  37  4:56  SCV, Marine  
  37  4:57  Marine  
  40  5:08  SCV  
  41  5:14  Marine x2  
  41  5:17  Liberator x2  
  39  5:31  Marine x2  
  39  5:32  Marine  
  39  5:33  Marauder  
  50  5:48  Command Center  
  50  5:49  Siege Tank  
  53  6:17  Medivac, Viking  
  57  6:37  Engineering Bay  
  58  6:40  SCV, Engineering Bay  
  52  6:50  Liberator x2  
  48  7:06  Siege Tank  
  57  7:14  Terran Infantry Weapons Level 1  
  57  7:15  Terran Infantry Armor Level 1  
  57  7:23  Planetary Fortress  
  57  7:46  Bunker  
  57  7:52  Liberator  
  57  8:01  Refinery  
  57  8:04  Refinery, SCV  
  61  8:16  SCV  
  62  8:28  SCV  
  62  8:30  Sensor Tower  
  63  8:40  SCV x2  
  63  8:41  Marine x4  
  66  8:46  Medivac  
  71  8:52  SCV x2  
  73  8:58  Marine  
  74  9:08  Medivac  
  76  9:20  Barracks Reactor  
  76  9:23  Bunker  
  76  9:39  Barracks Reactor  
  76  9:49  SCV  
  77  10:01  SCV  
  78  10:11  Supply Depot  
  78  10:19  Barracks  
  78  10:28  Barracks  
  78  10:32  Medivac, Viking, Marine x3, SCV  
  78  10:33  Missile Turret  
  78  10:34  Supply Depot  
  86  10:55  SCV x2, Marine  
  89  10:57  Supply Depot  
  89  11:01  Command Center  
  87  11:07  SCV x2  
  87  11:08  Marine x5  
  94  11:18  Marine x2, Siege Tank  
  94  11:20  SCV  
  94  11:23  Supply Depot  
  94  11:25  Supply Depot  
  100  11:46  Supply Depot  
  100  11:48  Barracks, Barracks Reactor  
  100  11:50  Barracks Tech Lab  
  100  11:51  Marauder, Siege Tank  
  105  11:57  Factory  
  87  12:13  Marauder  
  77  12:19  Marine x2  
  77  12:20  SCV, Marine  
  77  12:21  Marine x4  
  76  12:23  Viking x2  
  78  12:32  SCV  
  78  12:34  Marine  
  80  12:37  Marine x2  
  82  12:53  Viking x2  
  82  12:57  Marine x2  
  92  12:58  Marauder x2, Marine x2  
  92  12:59  Marine x2  
  96  13:15  Marine  
  96  13:19  Marauder  
  80  13:33  SCV, Marine x2  
  80  13:34  Marine x3  
  79  13:36  Marauder  
  79  13:41  Marauder  
  77  13:45  SCV  
  75  13:51  Medivac x2  
  79  13:57  Marauder  
  79  14:02  Siege Tank  
  84  14:20  SCV  
  84  14:21  Marine x3  
  73  14:33  SCV  
  68  14:50  Barracks Tech Lab  
  68  15:16  Marauder x3  
  68  15:17  Marine x5  
  68  15:18  Marine  
  80  15:38  Marauder  
  78  15:53  SCV  
  78  15:56  Stimpack  
  79  16:00  Factory Tech Lab  
  79  16:05  SCV  
  80  16:23  Missile Turret  
  80  16:27  Missile Turret  
  80  16:29  Marine x5  
  80  16:31  Marauder x2, Marine  
  80  16:32  Marauder  
  92  16:41  Siege Tank  
  92  16:46  Marine  
  92  16:47  Marine  
  96  16:50  Siege Tank  
  96  16:52  Marauder  
  102  16:56  Orbital Command  
  102  17:30  Orbital Command  
Show
View Real Time Build Order
Export as new Build Order

LMLelas Zerg - Winner!

Build Orders: Hatch First 

Get SALT Encoding   

  12  0:01  Drone  
  13  0:08  Drone  
  13  0:13  Extractor  
  13  0:16  Drone  
  15  0:23  Overlord  
  15  0:41  Drone  
  15  0:42  Drone  
  17  0:48  Drone  
  18  0:59  Drone  
  18  1:02  Hatchery  
  18  1:08  Drone  
  19  1:18  Spawning Pool  
  18  1:22  Extractor  
  18  1:23  Overlord  
  17  1:30  Drone  
  18  1:39  Drone  
  19  1:51  Drone  
  20  2:04  Drone  
  20  2:05  Queen  
  23  2:14  Queen  
  25  2:16  Zergling x4  
  25  2:21  Metabolic Boost  
  27  2:34  Roach Warren  
  27  2:36  Drone x4  
  30  2:46  Overlord  
  30  3:03  Evolution Chamber  
  29  3:12  Lair  
  29  3:18  Drone x6  
  35  3:22  Extractor  
  34  3:55  Overlord, Roach  
  36  3:56  Overlord  
  36  4:01  Zerg Missile Weapons Level 1  
  36  4:18  Drone x9  
  36  4:21  Glial Reconstitution  
  45  4:26  Overseer  
  45  4:40  Extractor  
  45  4:42  Roach, Extractor  
  45  4:43  Roach x3  
  48  5:27  Spore Crawler  
  47  5:30  Spore Crawler  
  47  5:32  Roach x2  
  47  5:33  Overlord x3  
  50  5:51  Evolution Chamber, Roach  
  50  5:52  Roach x12  
  75  6:11  Spire  
  74  6:20  Zerg Missile Weapons Level 2  
  74  6:30  Overlord  
  74  6:31  Overlord  
  53  7:17  Zerg Ground Armor Level 1  
  53  7:23  Drone x10  
  63  7:46  Corruptor x7  
  77  8:06  Hatchery  
  77  8:10  Infestation Pit  
  75  8:53  Overlord x5  
  75  9:15  Hive  
  75  9:19  Overseer  
  75  9:22  Zerg Ground Armor Level 2  
  75  9:23  Extractor  
  74  9:28  Ravager  
  74  9:29  Ravager x5  
  80  9:37  Queen  
  82  10:01  Roach  
  82  10:02  Roach x14  
  82  10:03  Roach  
  82  10:05  Drone x8  
  122  10:27  Ultralisk Cavern  
  121  10:55  Extractor  
  120  11:18  Zerg Missile Weapons Level 3  
  120  11:27  Overlord  
  120  11:28  Overlord x6  
  102  12:19  Ultralisk  
  102  12:20  Ultralisk x5  
  138  12:47  Ultralisk  
  138  12:48  Ultralisk  
  150  13:01  Chitinous Plating  
  74  13:45  Roach x2  
  74  13:46  Roach x17  
  74  13:47  Roach x10  
  118  14:06  Drone x9  
  127  14:36  Corruptor x4  
  135  14:58  Zerg Ground Armor Level 3, Hatchery  
  134  15:09  Greater Spire  
  134  15:24  Ravager  
  134  15:25  Ravager x5  
  138  15:43  Corruptor x3  
  144  15:53  Zergling x20  
  144  15:55  Overlord x2  
  154  16:08  Extractor  
  153  16:20  Queen  
  155  16:38  Ultralisk x2  
  167  16:46  Brood Lord  
  169  16:47  Brood Lord  
  169  16:51  Brood Lord  
Tags
 
Add a new tag
Caveats
  • Supply blocks, unpowered buildings, or Contaminate may cause inaccurate times.
  • Supply counts are checked every 10 seconds.